 Dungeon Crawl Stone Soup version 0.19-b1-5-gdc9fa9d (webtiles) character file.

11432 HeyBub the Carver (level 11, -4/99 HPs)
             Began as a Minotaur Berserker on Oct 31, 2016.
             Was a High Priest of Trog.
             Killed from afar by an electric eel (12 damage)
             ... with a bolt of electricity
             ... on level 11 of the Dungeon.
             The game lasted 00:25:08 (10076 turns).

HeyBub the Carver (Minotaur Berserker)             Turns: 10076, Time: 00:25:10

Health: -4/99      AC: 10    Str: 24    XL:     11   Next: 49%
Magic:  10/10      EV: 15    Int:  4    God:    Trog [*****.]
Gold:   699        SH:  8    Dex: 13    Spells: 0 memorised, 10 levels left

rFire  . . .     SeeInvis .     x - +7 falchion (slice)
rCold  + . .     Gourm    .     G - +1 scale mail {rPois}
rNeg   . . .     Faith    .     Q - +0 buckler
rPois  +         Spirit   .     (helmet restricted)
rElec  .         Reflect  +     (no cloak)
rCorr  .         Harm     .     (no gloves)
MR     .....                    (no boots)
Stlth  ++........               r - +4 amulet of reflection
                                M - ring of protection from cold (curse)
                                m - +2 ring of protection

@: exhausted, slowed, very slow
A: retaliatory headbutt, horns 2, thin skeletal structure 1, poison resistance,
wild magic 1
a: Berserk, Trog's Hand, Brothers in Arms, Burn Spellbooks, Renounce Religion


You were on level 11 of the Dungeon.
You worshipped Trog.
Trog was extremely pleased with you.
You were very hungry.

You visited 1 branch of the dungeon, and saw 11 of its levels.

You collected 699 gold pieces.

Inventory:

Hand Weapons
 a - a +0 spear
 h - a +1 long sword of draining
 x - a +7 falchion of slicing (weapon)
Armour
 b - a +2 animal skin
 F - a +2 helmet
 G - a +1 scale mail of poison resistance (worn)
 K - a +0 leather armour of fire resistance
 Q - a +0 buckler (worn)
Magical Staves
 v - an uncursed staff of energy {unknown}
Jewellery
 m - a +2 ring of protection (left hand)
 n - an uncursed ring of ice
 r - a +4 amulet of reflection (around neck)
 M - a cursed ring of protection from cold (right hand)
 N - an uncursed amulet of faith
Wands
 f - a wand of lightning (6/15)
 g - a wand of enslavement (14/24)
 q - a wand of confusion (46/48)
 O - a wand of teleportation (8/9)
 P - a wand of random effects (37/48)
Scrolls
 e - 4 scrolls of noise
 i - 2 scrolls of magic mapping
 p - a scroll of teleportation
 s - 2 scrolls of random uselessness
 I - a scroll of summoning {unknown}
 J - 2 scrolls of fear
Potions
 d - a potion of brilliance
 k - 4 potions of flight
 l - a potion of cancellation
 o - a potion of resistance
 t - a potion of haste
 z - 3 potions of curing
 B - 2 potions of degeneration {unknown}
 C - a potion of ambrosia {unknown}
 D - a potion of invisibility {unknown}
 L - a potion of might {unknown}
 S - 3 potions of magic {unknown}
Books
 j - a book of Changes

   Spells                             Type                      Level
   a - Beastly Appendage              Transmutation                1
   b - Sticks to Snakes               Transmutation                2
   c - Spider Form                    Transmutation/Poison         3
   d - Ice Form                       Ice/Transmutation            4
   e - Blade Hands                    Transmutation                5
   Trog disapproves of the use of such an item.
 y - a book of Flames

   Spells                             Type                      Level
   a - Flame Tongue                   Conjuration/Fire             1
   b - Throw Flame                    Conjuration/Fire             2
   c - Conjure Flame                  Conjuration/Fire             3
   d - Inner Flame                    Hexes/Fire                   3
   e - Sticky Flame                   Conjuration/Fire             4
   f - Fireball                       Conjuration/Fire             5
   Trog disapproves of the use of such an item.
Miscellaneous
 R - a lamp of fire (inert)
Comestibles
 c - 3 bread rations
 u - 3 fruits
 w - 3 meat rations
 A - 2 slices of pizza
 E - 7 beef jerkies


   Skills:
 + Level 10.1 Fighting
 + Level 12.1 Long Blades
 + Level 10.0 Polearms
 + Level 5.4 Armour
 + Level 9.0 Dodging
 + Level 4.0 Stealth
 + Level 2.9 Shields
 + Level 0.1 Evocations


You had 10 spell levels left.
You didn't know any spells.

Dungeon Overview and Level Annotations

Branches:
Dungeon (11/15)            Temple (0/1) D:7            Lair (0/6) D:11
    Orc: D:9-12

Altars:
Ashenzari
Cheibriados
Dithmenos
Gozag
Makhleb
Nemelex Xobeh
Qazlal
Uskayaw
Xom
Zin
The Shining One


Innate Abilities, Weirdness & Mutations

You reflexively headbutt those who attack you in melee.
You have a pair of horns on your head.
You have a somewhat thin skeletal structure. (Dex +2, Stealth)
Your system is resistant to poisons. (rPois)
Your spells are a little harder to cast, but a little more powerful.


Message History

* * * LOW HITPOINT WARNING * * *
The water elemental is engulfed in roaring flames.
You destroy the water elemental!
Trog accepts your kill.
Your Dodging skill increases to level 9!
You feel better.
You gasp with relief as air once again reaches your lungs.
You are feeling very hungry.
The electric eel shoots out a bolt of lightning at you!
The bolt of electricity hits the electric eel.
The electric eel completely resists.
The bolt of electricity hits you!
* * * LOW HITPOINT WARNING * * *
You slash the electric eel!
The electric eel is heavily wounded.
The electric eel shoots out a bolt of lightning at you!
The bolt of electricity hits you!
* * * LOW HITPOINT WARNING * * *
The electric eel shoots out a bolt of lightning at you!
The bolt of electricity hits you!
You die...

§§§≈≈.≈.≈.≈≈≈≈≈
.§≈≈≈....≈≈≈≈≈≈
.≈≈≈.≈.>.≈≈≈≈≈≈
≈≈.≈≈....≈≈≈≈≈≈
..≈≈§§...≈≈≈≈≈≈
..≈≈≈.§.;≈≈≈≈≈.
...≈≈≈§.;≈≈≈≈..
...≈≈≈≈@≈≈.≈≈...
..≈≈≈≈≈.≈≈≈.....
..≈≈≈≈≈.≈≈≈≈....#
.≈≈≈≈.≈.≈≈≈.≈≈..#
...≈≈.)†≈≈≈≈≈...#
....≈...†≈..≈≈..#
................
........[.......
......#....##...


You could see 2 electric eels.

Vanquished Creatures
  Fannar (D:11)
  Erolcha (D:9)
  Nergalle (D:10)
  The ghost of HeyBub the Spear-Bearer, a novice MiBe of Trog (D:4)
  An ugly thing (D:11)
  Maurice (D:9)
  A troll (D:11)
  Prince Ribbit (D:8)
  2 hippogriffs
  3 two-headed ogres
  A water elemental (D:11)
  3 yaks (D:11)
  2 hungry ghosts
  Menkaure (D:7)
  A water moccasin (D:11)
  2 sky beasts
  12 ogres
  2 orc warriors
  An ice beast (D:5)
  3 phantoms
  A necrophage (D:10)
  3 wolves (D:11)
  6 centaurs
  2 big kobolds
  7 bullfrogs
  4 scorpions
  7 killer bees (D:7)
  5 wights (D:6)
  An electric eel (D:11)
  2 howler monkeys
  A crimson imp (D:5)
  A centaur zombie (D:5)
  A quasit (D:6)
  2 bullfrog zombies
  11 hounds
  Crazy Yiuf (D:7)
  4 centaur skeletons
  3 orc priests
  3 orc wizards
  5 iguanas
  Natasha (twice) (D:3)
  7 worker ants
  A hound zombie (D:5)
  A hound skeleton (D:7)
  A worker ant zombie (D:7)
  12 adders
  3 shadow imps
  An adder zombie (D:9)
  6 worms
  A dart slug (D:1)
  2 leopard geckos
  26 orcs
  9 bats
  4 giant cockroaches
  7 goblins
  9 hobgoblins
  12 jackals
  15 kobolds
  3 quokkas
  A ball python (D:6)
  6 frilled lizards
  A jackal zombie (D:5)
  A leopard gecko skeleton (D:6)
  A quokka skeleton (D:5)
  6 rats
  A fungus (D:7)
250 creatures vanquished.

Notes
Turn   | Place    | Note
-------+----------+-------------------------------------------
     0 | D:1      | HeyBub the Minotaur Berserker began the quest for the Orb.
     0 | D:1      | Reached XP level 1. HP: 19/19 MP: 0/0
    29 | D:1      | Found a shimmering altar of Xom.
   425 | D:1      | Reached XP level 2. HP: 22/27 MP: 1/1
   943 | D:2      | Reached XP level 3. HP: 16/33 MP: 2/2
  1345 | D:2      | Reached ** piety under Trog
  1354 | D:2      | Reached XP level 4. HP: 26/41 MP: 3/3
  1462 | D:2      | Found a glowing golden altar of the Shining One.
  1633 | D:2      | Reached skill level 5 in Polearms
  1744 | D:2      | Found an opulent altar of Gozag.
  1975 | D:3      | Reached skill level 1 in Stealth
  1975 | D:3      | Reached XP level 5. HP: 42/47 MP: 4/4
  2317 | D:3      | Noticed Natasha
  2321 | D:3      | Killed Natasha
  2358 | D:3      | Noticed Natasha
  2364 | D:3      | Killed Natasha
  2400 | D:4      | Reached skill level 5 in Fighting
  2400 | D:4      | Reached XP level 6. HP: 43/56 MP: 5/5
  2634 | D:4      | Found a stormy altar of Qazlal.
  2660 | D:4      | Noticed HeyBub's ghost (novice MiBe)
  2688 | D:4      | Killed HeyBub's ghost
  2688 | D:4      | Reached skill level 5 in Dodging
  2688 | D:4      | Reached XP level 7. HP: 46/62 MP: 6/6
  2973 | D:5      | Entered Level 5 of the Dungeon
  3231 | D:5      | Found a snail-covered altar of Cheibriados.
  3285 | D:5      | Reached XP level 8. HP: 10/70 MP: 7/7
  3965 | D:5      | Found a shattered altar of Ashenzari.
  4536 | D:6      | Reached skill level 1 in Long Blades
  4587 | D:6      | Found a sparkling altar of Nemelex Xobeh.
  4610 | D:6      | Reached *** piety under Trog
  4622 | D:6      | Reached XP level 9. HP: 74/79 MP: 8/8
  4634 | D:6      | Reached skill level 2 in Long Blades
  4661 | D:6      | Reached skill level 3 in Long Blades
  4661 | D:6      | Reached skill level 10 in Polearms
  4732 | D:6      | HP: 2/79 [centaur/arrow (11)]
  5585 | D:7      | Reached skill level 4 in Long Blades
  5610 | D:7      | Reached skill level 5 in Long Blades
  6255 | D:7      | Reached skill level 6 in Long Blades
  6275 | D:7      | Found a staircase to the Ecumenical Temple.
  6340 | D:7      | Noticed Menkaure
  6345 | D:7      | Killed Menkaure
  6509 | D:7      | Reached skill level 7 in Long Blades
  6614 | D:7      | Found a shadowy altar of Dithmenos.
  6804 | D:7      | Found a runed door.
  6808 | D:7      | Noticed Crazy Yiuf
  6812 | D:7      | Killed Crazy Yiuf
  6893 | D:8      | Reached skill level 8 in Long Blades
  6924 | D:8      | Reached **** piety under Trog
  7024 | D:8      | Reached XP level 10. HP: 77/88 MP: 9/9
  7080 | D:8      | Found a burning altar of Makhleb.
  7086 | D:8      | Noticed a cacodemon
  7107 | D:8      | Found a glowing silver altar of Zin.
  7107 | D:8      | Noticed an angel
  7464 | D:8      | Found a hide-covered altar of Uskayaw.
  7627 | D:8      | Reached skill level 9 in Long Blades
  7666 | D:8      | Gained mutation: You have a somewhat thin skeletal structure. (Dex +2, Stealth) [mutagenic meat]
  7667 | D:8      | Gained mutation: Your spells are a little harder to cast, but a little more powerful. [mutagenic meat]
  7668 | D:8      | Gained mutation: Your system is resistant to poisons. (rPois) [mutagenic meat]
  7783 | D:8      | Noticed Prince Ribbit
  7790 | D:8      | Killed Prince Ribbit
  8079 | D:9      | Noticed Maurice
  8090 | D:9      | Killed Maurice
  8138 | D:9      | Reached skill level 10 in Long Blades
  8457 | D:9      | Noticed Erolcha
  8464 | D:9      | Killed Erolcha
  8464 | D:9      | Reached skill level 1 in Shields
  8650 | D:10     | Entered Level 10 of the Dungeon
  8742 | D:10     | Reached skill level 11 in Long Blades
  9037 | D:10     | Noticed Nergalle
  9038 | D:10     | Noticed a spectral orc warlord
  9056 | D:10     | Killed Nergalle
  9056 | D:10     | Reached XP level 11. HP: 38/97 MP: 10/10
  9582 | D:11     | Noticed Fannar
  9584 | D:11     | Noticed a green ugly thing
  9598 | D:11     | Killed Fannar
  9603 | D:11     | Killed a green ugly thing
  9603 | D:11     | Reached skill level 5 in Armour
 10041 | D:11     | Reached skill level 12 in Long Blades
 10053 | D:11     | Reached skill level 10 in Fighting
 10063 | D:11     | Reached ***** piety under Trog
 10069 | D:11     | Found a staircase to the Lair.
 10076 | D:11     | Killed from afar by an electric eel

Skill      XL: |  1  2  3  4  5  6  7  8  9 10 11 |
---------------+----------------------------------+-----
Polearms       | 4 5 7 8 9 10 | 10.0
Fighting       | 4 5 6 7 8 9 10 | 10.1
Dodging        | 3 5 6 7 8 9 |  9.0
Stealth        | 1 2 3 4 |  4.0
Long Blades    | 1 8 11 12 | 12.1
Armour         | 3 5 |  5.4
Shields        | 1 2 |  2.9
Evocations     | |  0.1

Action                   |  1- 3 |  4- 6 |  7- 9 | 10-12 || total
-------------------------+-------+-------+-------+-------++-------
Melee: Spear             |    81 |   122 |   120 |       ||   323
       Headbutt          |    20 |    26 |    69 |    58 ||   173
       Falchion          |       |       |   189 |   221 ||   410
Invok: Berserk           |       |     1 |     4 |     3 ||     8
Evoke: Lamp of fire      |       |       |       |     1 ||     1
  Use: Scroll            |       |     8 |    16 |     8 ||    32
       Potion            |       |       |     2 |     1 ||     3
 Stab: Sleeping          |       |     1 |     1 |     1 ||     3
  Eat: Bread ration      |       |     1 |     1 |     3 ||     5
       Meat ration       |       |       |     3 |       ||     3
       Pizza             |       |       |     1 |       ||     1
       Chunk             |       |       |       |     3 ||     3
Armor: Animal skin       |    13 |    15 |    40 |     3 ||    71
       Scale mail        |       |       |       |    30 ||    30
Dodge: Dodged            |    46 |    63 |   183 |   114 ||   406
Block: Other             |       |       |    42 |    14 ||    56
       Reflection        |       |       |     2 |     5 ||     7
       Buckler           |       |       |       |    39 ||    39
       Rpst.: Falchion   |       |       |    43 |    32 ||    75
